 Dungeon Crawl Stone Soup version 0.28-a0-1374-ga75cb3825e (webtiles) character file.

Game seed: 17966541032950598146

806 esteth the Conjurer (level 8, -2/54 HPs)
             Began as a Human Conjurer on Dec 31, 2021.
             Slain by a killer bee (5 damage)
             ... on level 5 of the Dungeon.
             The game lasted 00:12:12 (6831 turns).

esteth the Conjurer (Human Conjurer)                Turns: 6831, Time: 00:12:12

Health: -2/54      AC:  4    Str:  5 (7)  XL:     8   Next: 14%
Magic:  4/15       EV: 12    Int: 19 (20) God:
Gold:   246        SH:  0    Dex: 11 (13) Spells: 7/17 levels left

rFire   . . .      SeeInvis .   b - +2 spear (venom)
rCold   . . .      Faith    .   (no shield)
rNeg    . . .      Spirit   .   a - +0 robe
rPois   .          Reflect  .   (no helmet)
rElec   .          Harm     .   (no cloak)
rCorr   .          Rampage  .   (no gloves)
Will    .....                   e - +1 pair of boots
Stlth   +.........              (no amulet)
HPRegen 0.18/turn               (no ring)
MPRegen 0.14/turn               (no ring)

@: mighty, brilliant, silenced
A: no striking features
a: no special abilities


You were on level 5 of the Dungeon.
You visited 2 branches of the dungeon, and saw 6 of its levels.

You collected 246 gold pieces.

Inventory:

Hand Weapons
 b - a +2 spear of venom (weapon)
Missiles
 n - 2 throwing nets
Armour
 a - a +0 robe (worn)
 e - a +1 pair of boots (worn)
Scrolls
 g - 2 scrolls of enchant armour
 m - a scroll of enchant weapon {unknown}
 o - a scroll of noise {unknown}
Potions
 d - a potion of haste
 f - a potion of flight


   Skills:
 - Level 1.0 Fighting
 - Level 2.6 Dodging
 - Level 2.0 Stealth
 + Level 5.1 Spellcasting
 - Level 6.0 Conjurations
 - Level 3.5 Hexes
 + Level 2.3 Transmutations


You had 7 spell levels left.
You knew the following spells:

 Your Spells              Type           Power      Damage    Failure   Level
a - Magic Dart            Conj           100%       1d8       1%          1
b - Searing Ray           Conj           82%        2d7       1%          2
c - Fulminant Prism       Conj/Hex       17%        3d11      17%         4
d - Spider Form           Tmut/Pois      13%        N/A       22%         3

Your spell library contained the following spells:

 Spells                   Type           Power      Damage    Failure   Level
 Dazzling Flash           Conj/Hex       68%        N/A       5%          3
 Ensorcelled Hibernation  Hex/Ice        34%        N/A       9%          2
 Summon Small Mammal      Summ           28%        N/A       12%         1
 Summon Guardian Golem    Hex/Summ       17%        N/A       19%         3
 Iskenderun's Mystic Bla  Conj/Tloc      24%        2d7       34%         4
 Call Canine Familiar     Summ           7%         N/A       36%         3
 Irradiate                Conj/Tmut      15%        3d19      52%         5
 Blade Hands              Tmut           10%        N/A       78%         5
 Dragon Form              Tmut           10%        N/A       100%        7


Dungeon Overview and Level Annotations

Branches:
Dungeon (5/15)             Temple (1/1) D:5

Altars:
Cheibriados
Dithmenos
Elyvilon
Fedhas
Kikubaaqudgha
Makhleb
Nemelex Xobeh
Okawaru
Qazlal
Ru
Sif Muna
Trog
Uskayaw
Xom
Yredelemnul


Message History

You conjure a prism of explosive energy!
The killer bee buzzes angrily.
A fulminant prism comes into view.
The killer bee stings your fulminant prism. x3
Your fulminant prism crackles loudly.
The killer bee stings your fulminant prism!
Your fulminant prism explodes!
The blast of energy engulfs the killer bee!
The killer bee is heavily wounded.
The blast of energy engulfs the killer bee!
The killer bee is severely wounded.
The blast of energy engulfs the killer bee!
The killer bee is heavily wounded.
The blast of energy engulfs the killer bee!
The killer bee is severely wounded.
There is a staircase to the Ecumenical Temple here.
As you read the scroll labelled RIMOM ETUNWOEMN, it crumbles to dust.
A profound silence engulfs you.
It was a scroll of silence.
The killer bee stings you!
* * * LOW HITPOINT WARNING * * *
Magic scrolls do not work when you're silenced!
It was a potion of brilliance.
You feel clever all of a sudden. The killer bee completely misses you.
The killer bee closely misses you.
It was a potion of might.
You feel very mighty all of a sudden. The killer bee barely misses you. x2
It was a potion of degeneration.
There was something very wrong with that liquid.
You feel weakened.
You feel dopey.
You feel clumsy. The killer bee barely misses you. The killer bee stings you.
* * * LOW HITPOINT WARNING * * *
The killer bee stings you.
* * * LOW HITPOINT WARNING * * *
The killer bee barely misses you. x2
The killer bee stings you but does no damage.
Magic scrolls do not work when you're silenced!
The killer bee barely misses you. The killer bee closely misses you.
The killer bee stings you.
You die...

.......## #. ........# #### ##
.......## #### ##..# # .......#
#..# #..## # .g.....# #####..###
#...# # g......## #........#
#...# ## ........###..#...#.#
#...## #. ..g.g.ยง.......#y#..#
###...## #.
#........gg..gyy@..####......###.
#..#..........#y#..........W.....
##..#........#...#......#####....
#....................### ###..
#.................#### ##.
##.........#####..# #.
#.......### #...# ## ###.....###
#..## ## #......## #.. #.


You could see a gnoll sergeant, 4 killer bees and 2 gnolls.

Vanquished Creatures
  Prince Ribbit (D:5)
  A sky beast (D:4)
  An ogre (D:3)
  A scorpion (D:4)
  A water moccasin skeleton (D:4)
  Jessica (D:3)
  An iguana (D:4)
  Natasha (thrice) (D:4)
  An orc wizard (D:3)
  2 hound skeletons (D:4)
  2 gnolls (D:5)
  4 adders
  An adder skeleton (D:4)
  3 worms (D:2)
  2 dart slugs
  20 orcs
  5 endoplasms
  4 giant cockroaches
  2 hobgoblins
  6 jackals
  6 kobolds
  2 quokkas
  6 ball pythons
  4 bats
  A frilled lizard (D:2)
  4 goblins
  5 rats
90 creatures vanquished.

Vanquished Creatures (others)
  A fulminant prism (D:5)
1 creature vanquished.

Grand Total: 91 creatures vanquished

Notes
Turn   | Place    | Note
-------+----------+-------------------------------------------
     0 | D:1      | esteth the Human Conjurer began the quest for the Orb.
     0 | D:1      | Reached XP level 1. HP: 13/13 MP: 3/3
    94 | D:1      | Reached XP level 2. HP: 19/19 MP: 5/5
   495 | D:1      | Found a faded altar of an unknown god.
   981 | D:2      | Reached XP level 3. HP: 14/24 MP: 6/6
  1881 | D:3      | Noticed an ogre
  2475 | D:3      | Reached XP level 4. HP: 31/31 MP: 5/7
  2557 | D:3      | Reached skill level 1 in Fighting
  2610 | D:2      | Learned a level 2 spell: Searing Ray
  2615 | D:2      | Learned a level 4 spell: Fulminant Prism
  2927 | D:3      | Reached XP level 5. HP: 35/37 MP: 4/9
  2978 | D:3      | Killed an ogre
  2979 | D:3      | Reached skill level 5 in Conjurations
  2979 | D:3      | Reached skill level 1 in Hexes
  3318 | D:3      | Reached XP level 6. HP: 34/43 MP: 11/11
  3539 | D:3      | Noticed Jessica
  3545 | D:3      | Killed Jessica
  3748 | D:4      | Noticed a sky beast
  3894 | D:4      | HP: 1/43 [something (5)]
  3900 | D:4      | Killed a sky beast
  3901 | D:4      | Reached XP level 7. HP: 12/48 MP: 12/12
  4497 | D:4      | Noticed Natasha
  4511 | D:4      | Killed Natasha
  4587 | D:4      | Found a white marble altar of Elyvilon.
  4717 | D:4      | Noticed Natasha
  4727 | D:4      | Killed Natasha
  4871 | D:4      | Noticed Natasha
  4882 | D:4      | Killed Natasha
  5035 | D:4      | Found a burning altar of Makhleb.
  5249 | D:4      | Reached skill level 6 in Conjurations
  5416 | D:5      | Entered Level 5 of the Dungeon
  5591 | D:5      | Learned a level 3 spell: Spider Form
  5741 | D:5      | Found a staircase to the Ecumenical Temple.
  5754 | Temple   | Entered the Ecumenical Temple
  5924 | D:5      | HP: 2/48 [killer bee (7)]
  6763 | D:5      | Noticed Prince Ribbit
  6775 | D:5      | Killed Prince Ribbit
  6776 | D:5      | Reached skill level 5 in Spellcasting
  6776 | D:5      | Reached XP level 8. HP: 30/54 MP: 2/15
  6831 | D:5      | Slain by a killer bee

Illustrated notes

Levels and vault maps discovered:
D:1:      lemuel_arrival_behind_the_door_large, layout_loops_ring,
          ebering_ecumenical_altar_box
D:2:      layout_basic, st_stairs_1, minmay_crystal_water, dk_vineyard_2,
          minmay_pentomino_p4
D:3:      layout_loops_cross, minmay_fractal_squares_5, uniq_jessica
D:4:      layout_gridville, overflow_temple_1_default, elyvilon_altar_5,
          uniq_natasha
D:5:      layout_layer_cave, minmay_temple_entry_crystal_x, uniq_prince_ribbit1
Temple:   dshaligram_water_room_temple

Skill      XL: |  1  2  3  4  5  6  7 |
---------------+----------------------+-----
Fighting       | 1 |  1.0
Spellcasting   | 3 5 |  5.1
Conjurations   | 5 6 |  6.0
Hexes          | 1 2 3 |  3.5
Transmutations | 2 |  2.3
Dodging        | |  2.6
Stealth        | |  2.0

Action                   |  1- 3 |  4- 6 |  7- 9 || total
-------------------------+-------+-------+-------++-------
Melee: Spear             |    75 |    47 |    67 ||   189
 Cast: Magic Dart        |    10 |    31 |    39 ||    80
       Searing Ray       |       |     4 |    10 ||    14
       Fulminant Prism   |       |       |     1 ||     1
  Use: Potion            |       |     3 |     5 ||     8
       Scroll            |       |       |     6 ||     6
 Stab: Sleeping          |     7 |     1 |     5 ||    13
Armor: Robe              |     6 |     7 |    10 ||    23
Dodge: Dodged            |    42 |    35 |    67 ||   144

Table legend: (Time is in decaauts)
 A = Elapsed time spent in this place.
 B = Non-inter-level travel time spent in this place.
 C = Inter-level travel time spent in this place.
 D = Time resting spent in this place.
 E = Time spent auto-exploring this place.
 F = Levels seen in this place.
 G = Mean time per level.
                   A        B        C        D        E       F      G
               +--------+--------+--------+--------+--------+-----+--------+
         Total |   6842 |   6692 |    150 |   2415 |   3234 |   6 | 1140.3 |
       Dungeon |   6696 |   6546 |    150 |   2415 |   3138 |   5 | 1339.2 |
        Temple |    145 |    145 |      0 |      0 |     96 |   1 |  145.0 |
               +--------+--------+--------+--------+--------+-----+--------+

Top non-repeatable levels by time:
     D:4: 2106 daAuts
     D:2: 1837 daAuts
     D:3: 1278 daAuts
     D:1: 783 daAuts
     D:5: 690 daAuts
  Temple: 145 daAuts
